 Dungeon Crawl Stone Soup version 0.32-a0-933-ga8fa3634e4 (webtiles) character file.

Game seed: 15437605891542076012

4134 LadyBoffin the Cudgeller (level 10, 0/58 HPs)
             Began as a Tengu Conjurer on Apr 14, 2024.
             Was a Believer of Nemelex Xobeh.
             Slain by a yak (13 damage)
             ... on level 9 of the Dungeon on Apr 15, 2024.
             The game lasted 01:00:00 (11987 turns).

LadyBoffin the Cudgeller (Tengu Conjurer)          Turns: 11987, Time: 01:00:04

Health: 0/58       AC:  7    Str:  8    XL:     10   Next: 27%
Magic:  3/19       EV: 18    Int: 24    God:    Nemelex Xobeh [**....]
Gold:   509        SH:  0    Dex: 17    Spells: 10/20 levels left

rFire   . . .        H - +3 morningstar (freeze)
rCold   . . .        (no shield)
rNeg    . . .        k - +1 leather armour
rPois   .            (helmet restricted)
rElec   .            t - +0 cloak
rCorr   .            g - +1 pair of gloves
SInv    +            (boots unavailable)
Will    .....        e - amulet of faith
Stlth   +++          d - ring "Piagos" {Int+6 SInv}
HPRegen 0.29/turn    (no ring)
MPRegen 0.16/turn

%: acrobat, faith
@: flying, studying Hexes
A: beak, talons 3, evasive flight, acrobatic
a: Renounce Religion, Draw Escape, Draw Destruction, Draw Summoning


You were on level 9 of the Dungeon.
You worshipped Nemelex Xobeh.
Nemelex Xobeh was pleased with you.
You visited 2 branches of the dungeon, and saw 10 of its levels.
You also visited: Sewer.

You collected 509 gold pieces.

Inventory:

Hand Weapons
 u - a +2 whip of electrocution
 F - a +2 falchion of electrocution
 H - a +3 morningstar of freezing (weapon)
Missiles
 z - a throwing net
Armour
 g - a +1 pair of gloves (worn)
 k - a +1 leather armour (worn)
 t - a +0 cloak (worn)
Magical Staves
 y - a staff of alchemy
Jewellery
 d - the ring "Piagos" (left hand) {Int+6 SInv}
   (You found it on level 3 of the Dungeon)

   [ring of intelligence]

   Int+6:     It affects your intelligence (+6).
   SInv:      It lets you see invisible.
 e - an amulet of faith (around neck)
Wands
 s - a wand of warping (8)
 B - a wand of mindburst (9)
 C - a wand of quicksilver (4)
 D - a wand of charming (8)
Scrolls
 c - a scroll of immolation
 j - a scroll of blinking
 m - 3 scrolls of teleportation
 p - a scroll of noise
 r - 2 scrolls of fear
 v - 2 scrolls of identify
 x - a scroll of vulnerability
Potions
 a - 3 potions of enlightenment
 b - a potion of magic
 f - a potion of ambrosia
 i - 2 potions of lignification
 l - 2 potions of attraction
 n - 2 potions of resistance
 o - a potion of might
 q - 5 potions of curing
 w - 3 potions of degeneration
 A - 3 potions of heal wounds
 G - a potion of mutation


   Skills:
 + Level 4.4 Fighting
 * Level 7.3 Maces & Flails
 + Level 7.1 Dodging
 - Level 5.0 Stealth
 + Level 5.8 Spellcasting
 - Level 7.1 Conjurations
 - Level 5.0 Translocations


You had 10 spell levels left.
You knew the following spells:

 Your Spells              Type           Power      Damage    Failure   Level
a - Magic Dart            Conj           100%       1d8       1%          1
b - Searing Ray           Conj           82%        2d7       1%          2
c - Dazzling Flash        Conj/Hex       48%        N/A       9%          3
d - Iskenderun's Mystic Conj/Tloc 36%            2d9        (+2d4     10%         4

Your spell library contained the following spells:

 Spells                   Type           Power      Damage    Failure   Level
 Apportation              Tloc           62%        N/A       1%          1
 Sting                    Conj/Alch      96%        1d9       2%          1
 Blink                    Tloc           62%        N/A       2%          2
 Lesser Beckoning         Tloc           62%        N/A       2%          2
 Maxwell's Portable Pile  Tloc           31%        2d(8-22)  4%          3
 Teleport Other           Tloc           31%        N/A       4%          3
 Necrotise                Necr           28%        1d5       12%         1
 Summon Small Mammal      Summ           28%        N/A       12%         1
 Mephitic Cloud           Conj/Alch/Air  18%        N/A       13%         3
 Call Imp                 Summ           14%        N/A       19%         2
 Ensorcelled Hibernation  Hex/Ice        14%        N/A       19%         2
 Fulminant Prism          Conj/Alch      12%        3d9       26%         4
 Passwall                 Erth           7%         N/A       34%         3
 Swiftness                Air            7%         N/A       34%         3
 Curse of Agony           Necr           7%         N/A       97%         5
 Silence                  Hex/Air        3%         N/A       97%         5


Dungeon Overview and Level Annotations

Branches:
Dungeon (9/15)             Temple (1/1) D:5           Sewer (visited)
   Lair: D:8-11         Orc: D:9-12

Altars:
Ashenzari
Cheibriados
Dithmenos
Elyvilon
Fedhas
Gozag
Hepliaklqana
Kikubaaqudgha
Makhleb
Nemelex Xobeh
Okawaru
Ru
Sif Muna
Trog
Uskayaw
Vehumet
Wu Jian
Xom
Yredelemnul
Zin
The Shining One

Shops:
D:1 (!   D:6 **


Innate Abilities, Weirdness & Mutations

You have a beak for a mouth.
You have claws for feet.
Your magical flight helps you evade attacks. (EV +4)
You can magically evade attacks while moving or waiting.


Message History

The yak barely misses you.
You hit the yak but do no damage. You claw the yak.
The yak is heavily wounded.
The yak misses you. The yak barely misses you.
You barely miss the yak. You claw the yak, but do no damage.
You peck the yak, but do no damage.
The yak is heavily wounded.
The yak gores you but does no damage. The yak closely misses you.
You hit the yak. You freeze the yak. You claw the yak, but do no damage.
The yak is severely wounded.
The yak gores you! The yak closely misses you.
You hit the yak. You freeze the yak. You claw the yak.
Your peck misses the yak.
The yak is almost dead.
The yak gores you.
Casting: Dazzling Flash (dangerous; 9% risk of failure)
Confirm with . or Enter, or press ? or * to list all spells.
You don't have enough magic to cast this spell.
Unknown command.
You catch the helpless yak completely off-guard!
You hit the yak. You freeze the yak. You claw the yak, but do no damage.
The yak is almost dead.
The yak is no longer blind.
The yak gores you! The yak closely misses you. The yak misses you. x2
You barely miss the yak. You claw the yak.
You kill the yak!
Casting: Dazzling Flash (dangerous; 9% risk of failure)
Confirm with . or Enter, or press ? or * to list all spells.
You don't have enough magic to cast this spell.
You hit the yak but do no damage. You claw the yak.
You peck the yak, but do no damage.
The yak is lightly wounded.
The yak misses you.
You hit the yak but do no damage. You claw the yak.
The yak is lightly wounded.
The yak gores you!
* * * LOW HITPOINT WARNING * * *
The yak gores you!
You die...
Your body glows slightly and disappears.

.##### ########
.#... #.#....# ...#
#..Y##.##..#
#<.@Y†.....#
#.####.....#.......
#.. ##....##.......
###.#..>#.# .......
.#.#.#.#........
##.#.#.......O..
#....Y###.....#
#...Y......##.#
#.............#


You could see 2 yaks.

Vanquished Creatures
  Pikel (D:4)
  Grinder (D:3)
  2 wyverns
  2 yaks (D:9)
  2 water moccasins
  An acid dragon (D:8)
  2 orc warriors
  3 ice beasts
  A black bear (D:7)
  2 ogres
  2 centaurs (D:7)
  2 kobold brigands
  Blork the orc (D:4)
  A bullfrog (D:7)
  A scorpion (D:6)
  2 gnoll sergeants
  5 wights (D:8)
  3 killer bees (D:7)
  2 hounds
  A gnoll bouda (D:8)
  A bombardier beetle (D:5)
  An orc priest (D:8)
  A sleepcap (D:8)
  4 iguanas
  Natasha (thrice) (D:3)
  6 orc wizards
  Robin (D:3)
  11 gnolls
  A river rat (D:6)
  6 adders
  A shadow imp (D:6)
  2 white imps
  2 ufetubi (D:7)
  5 dart slugs
  2 ribbon worms
  32 orcs
  3 bats
  10 endoplasms
  4 giant cockroaches
  17 goblins
  8 hobgoblins
  5 jackals
  5 quokkas
  6 ball pythons
  6 frilled lizards
  20 kobolds
  14 rats
214 creatures vanquished.

Vanquished Creatures (others)
  A giant cockroach (D:3)
1 creature vanquished.

Grand Total: 215 creatures vanquished

Notes
Turn   | Place    | Note
-------+----------+-------------------------------------------
     0 | D:1      | LadyBoffin the Tengu Conjurer began the quest for the Orb.
     0 | D:1      | Reached XP level 1. HP: 10/10 MP: 4/4
   119 | D:1      | Reached XP level 2. HP: 15/15 MP: 1/6
   326 | D:1      | Found Tosmamuto's Distillery.
   531 | D:1      | Found Wumubotz's Weapon Shop.
   734 | D:1      | Reached XP level 3. HP: 19/19 MP: 3/7
  1883 | D:2      | Reached XP level 4. HP: 24/24 MP: 5/8
  1940 | D:2      | Reached skill level 1 in Fighting
  2320 | D:2      | Learned a level 2 spell: Searing Ray
  2867 | D:3      | Noticed Robin
  2947 | D:3      | Killed Robin
  3208 | D:3      | Identified the ring "Piagos" {Int+6 SInv}
  3254 | D:3      | Reached XP level 5. HP: 30/30 MP: 7/10
  3349 | D:3      | Noticed Natasha
  3353 | D:3      | Killed Natasha
  3560 | D:3      | Noticed Grinder
  3577 | D:3      | Paralysed by Grinder for 4 turns
  3607 | D:3      | Killed Grinder
  3608 | D:3      | Reached XP level 6. HP: 28/37 MP: 1/11
  3820 | D:3      | Found a basalt altar of Yredelemnul.
  3830 | D:3      | Found a glowing golden altar of the Shining One.
  4114 | D:3      | Noticed Natasha
  4122 | D:3      | Killed Natasha
  4220 | D:3      | Noticed an angel
  4497 | D:3      | Noticed Natasha
  4502 | D:3      | Killed Natasha
  4755 | D:4      | Reached skill level 1 in Translocations
  4755 | D:4      | Gained mutation: Your magical flight helps you evade
                  | attacks. (EV +4) [Tengu growth]
  4755 | D:4      | Reached XP level 7. HP: 41/41 MP: 2/12
  4860 | D:4      | Noticed Pikel
  4898 | D:5      | Entered Level 5 of the Dungeon
  4898 | D:5      | Found a blossoming altar of Fedhas.
  4955 | D:5      | Learned a level 3 spell: Dazzling Flash
  4989 | D:5      | Found a hazy altar of Hepliaklqana.
  5310 | D:4      | Killed Pikel
  5311 | D:4      | Reached XP level 8. HP: 45/46 MP: 1/14
  5697 | D:4      | Noticed Blork the orc
  5708 | D:4      | Killed Blork the orc
  5709 | D:4      | Reached skill level 1 in Maces & Flails
  6504 | D:5      | Found a staircase to the Ecumenical Temple.
  6530 | Temple   | Entered the Ecumenical Temple
  6618 | Temple   | Became a worshipper of Nemelex Xobeh the Trickster
  6728 | D:5      | Found an ancient bone altar of Kikubaaqudgha.
  6972 | D:6      | Reached skill level 5 in Dodging
  6995 | D:6      | Found a glowing drain.
  7000 | Sewer    | Entered a sewer
  7678 | Sewer    | Found a white marble altar of Elyvilon.
  7751 | D:6      | Reached skill level 5 in Stealth
  7814 | D:6      | Found a sacrificial altar of Ru.
  7815 | D:6      | Found an opulent altar of Gozag.
  7815 | D:6      | Found a shimmering altar of Xom.
  7898 | D:6      | Noticed a wyvern
  8029 | D:6      | Reached XP level 9. HP: 50/50 MP: 7/16
  8183 | D:6      | Reached * piety under Nemelex Xobeh
  8271 | D:6      | Found Koranuxi's Lightly-Used Armoury.
  8548 | D:6      | Found Xezol's Elemental Accessories.
  9084 | D:7      | Reached skill level 5 in Maces & Flails
  9084 | D:7      | Reached skill level 5 in Spellcasting
  9329 | D:7      | Received a gift from Nemelex Xobeh
  9440 | D:7      | Reached skill level 5 in Translocations
  9455 | D:7      | Learned a level 4 spell: Iskenderun's Mystic Blast
  9925 | D:8      | Reached ** piety under Nemelex Xobeh
 10335 | D:8      | Reached XP level 10. HP: 25/56 MP: 10/19
 11481 | D:8      | Found a snail-covered altar of Cheibriados.
 11952 | D:9      | Noticed a two-headed ogre
 11987 | D:9      | Slain by a yak

Illustrated notes

Levels and vault maps discovered:
D:1:      dpeg_arrival_oval, layout_basic, serial_shops, shop, shop,
          hangedman_feature_mirror, minmay_ruptured
D:2:      layout_loops_corners
D:3:      wander_river, layout_loops_ring, grunt_temple_overflow_holy_war,
          serial_rivers, chequers_serial_rivers_large_a,
          chequers_serial_rivers_small_a, chequers_serial_rivers_large_b,
          chequers_serial_rivers_small_b, uniq_grinder, uniq_robin, uniq_natasha
D:4:      layout_cave_pods, uniq_blork_the_orc, uniq_pikel
D:5:      layout_rooms, fedhas_altar_1, lemuel_round_altar,
          worldfamousw_hep_ancestral_shrine, minmay_temple_entry_arrows,
          nicolae_the_louvre
D:6:      layout_rooms, chequers_temple_overflow_statue_of_worship,
          gup_sewer_entry_bowl, minmay_shop_damaged, st_stairs_3,
          corexii_leaking_fountain, nicolae_elemental_shop
D:7:      layout_basic, minmay_manual_mares
D:8:      layout_loops_ring, slow_altar_2, grunt_ministairs_4,
          minmay_misc_feat_rows
D:9:      layout_basic, solitary_fountain, kennysheep_path_1
Temple:   minmay_temple_forest_path

Skill      XL: |  1  2  3  4  5  6  7  8  9 10 |
---------------+-------------------------------+-----
Fighting       | 1 3 4 |  4.4
Dodging        | 3 4 5 6 7 |  7.1
Stealth        | 3 4 5 |  5.0
Conjurations   | 6 7 |  7.1
Spellcasting   | 3 4 5 |  5.8
Translocations | 1 2 4 5 |  5.0
Maces & Flails | 3 6 7 |  7.3

Action                     |  1- 3 |  4- 6 |  7- 9 | 10-12 || total
---------------------------+-------+-------+-------+-------++-------
  Melee: Spear             |     1 |    21 |    22 |       ||    44
         Kick              |       |     5 |    50 |    20 ||    75
         Peck              |       |     1 |    25 |    12 ||    38
         Dagger            |       |       |     4 |       ||     4
         Whip              |       |       |    66 |       ||    66
         Morningstar       |       |       |    57 |    47 ||   104
   Cast: Magic Dart        |    59 |   117 |   136 |    32 ||   344
         Searing Ray       |       |     1 |    20 |     4 ||    25
         Dazzling Flash    |       |       |    12 |     3 ||    15
         Iskenderun's Myst |       |       |    11 |     8 ||    19
    Use: Scroll            |       |     7 |    13 |       ||    20
   Stab: Sleeping          |       |     2 |       |       ||     2
         Invisible         |       |       |     6 |     1 ||     7
 Armour: Leather armour    |       |    14 |    97 |    22 ||   133
  Dodge: Dodged            |     1 |    29 |   202 |    47 ||   279

Table legend: (Time is in decaauts)
 A = Elapsed time spent in this place.
 B = Non-inter-level travel time spent in this place.
 C = Inter-level travel time spent in this place.
 D = Time resting spent in this place.
 E = Time spent auto-exploring this place.
 F = Levels seen in this place.
 G = Mean time per level.
                   A        B        C        D        E       F      G
               +--------+--------+--------+--------+--------+-----+--------+
         Total |  12079 |  10663 |   1416 |   2498 |   5046 |  11 | 1098.1 |
       Dungeon |  11229 |   9922 |   1307 |   1952 |   4992 |   9 | 1247.7 |
        Temple |    135 |     26 |    109 |      0 |     24 |   1 |  135.0 |
         Sewer |    713 |    713 |      0 |    546 |     30 |   1 |  713.0 |
               +--------+--------+--------+--------+--------+-----+--------+

Top non-repeatable levels by time:
     D:3: 1897 daAuts
     D:8: 1791 daAuts
     D:1: 1612 daAuts
     D:4: 1370 daAuts
     D:2: 1328 daAuts
     D:6: 1188 daAuts
     D:7: 1114 daAuts
     D:5: 876 daAuts
   Sewer: 713 daAuts
  Temple: 135 daAuts
     D:9: 49 daAuts
